AoeStats
← Fred's real son

Arabia

510104111Analyzed
4v4 RM · 3d ago on Sep 29, 2026· 45m 28s· 8 players
Game mode
Random Map
Map size
Large (8 player)
Population
200
Speed
Normal
Resources
Standard
Victory
Conquest
Starting age
Dark Age
Ending age
Imperial Age
RankedLock teamsTeams togetherTeam positionsShared explorationLock speedFull tech treeHidden civsTurbo modeCheats
Victory
Defeat
🇭🇰 Georgians · Hong Kong SAR China
1517
+14
🇭🇰 Tatars · Hong Kong SAR China
1497
+15
🇭🇰 Saxons · Hong Kong SAR China
1461
+16
🇭🇰 Khmer · Hong Kong SAR China
1449
+16
🇭🇰 Magyars · Hong Kong SAR China
1512
-17
🇨🇳 Franks · China
1489
-16
🇨🇳 Koreans · China
1427
-14
🇨🇳 Huns · China
1427
-14
小生怕怕
6:31 Loom
9:27 Feudal Age
10:11 Double-Bit Axe
13:23 Forging
14:29 Scale Barding Armor
18:43 Wheelbarrow
21:28 Castle Age
19:32 Gold Mining
22:29 Husbandry
23:11 Chain Barding Armor
24:11 Town Watch
25:15 Iron Casting
30:15 Bow Saw
32:00 Gold Shaft Mining
32:04 Squires
32:34 Pikeman
33:17 Scale Mail Armor
35:55 Chain Mail Armor
39:06 Imperial Age
37:06 Hand Cart
36:54 Fletching
39:08 Halberdier
40:10 Conscription
39:16 Cavalier
40:35 Plate Barding Armor
41:02 Blast Furnace
40:32 Plate Mail Armor
39:57 Stone Mining
40:22 Paladin
江哥
6:48 Loom
9:24 Feudal Age
10:24 Double-Bit Axe
16:58 Fletching
17:58 Gold Mining
17:51 Horse Collar
22:47 Castle Age
21:11 Stone Mining
22:59 Crossbowman
23:35 Bodkin Arrow
24:15 Bow Saw
25:16 Wheelbarrow
Mick...
5:07 Loom
9:24 Feudal Age
17:22 Horse Collar
19:00 Double-Bit Axe
25:24 Castle Age
23:59 Scale Barding Armor
24:05 Forging
24:20 Gold Mining
25:58 Bloodlines
27:17 Chain Barding Armor
27:33 Iron Casting
29:47 Wheelbarrow
113152737
6:29 Loom
9:07 Feudal Age
9:50 Double-Bit Axe
16:17 Horse Collar
24:50 Castle Age
23:06 Scale Barding Armor
23:38 Gold Mining
24:22 Bloodlines
24:54 Light Cavalry
25:56 Chain Barding Armor
27:17 Bow Saw
30:50 Heavy Plow
32:07 Wheelbarrow
32:01 Husbandry
38:29 Hand Cart
42:29 Imperial Age
41:08 Fletching
41:19 Padded Archer Armor
41:41 Ballistics
42:11 Bodkin Arrow
41:39 Elite Skirmisher
43:13 Leather Archer Armor
44:34 Chemistry
44:01 Bracer
Steven S Lee
4:54 Loom
8:57 Feudal Age
9:55 Double-Bit Axe
12:38 Fletching
16:59 Horse Collar
18:46 Wheelbarrow
19:36 Padded Archer Armor
23:00 Castle Age
21:45 Gold Mining
22:26 Bloodlines
23:38 Bodkin Arrow
24:36 Leather Archer Armor
24:22 Town Watch
26:46 Ballistics
34:55 Imperial Age
32:58 Fervor
33:34 Bow Saw
33:24 Heavy Plow
33:16 Stone Mining
36:18 Parthian Tactics
35:55 Bracer
37:01 Chemistry
37:00 Husbandry
37:54 Hand Cart
38:16 Stone Shaft Mining
38:19 Heavy Cavalry Archer
39:16 Masonry
38:47 Treadmill Crane
40:18 Sanctity
40:33 Architecture
39:59 Murder Holes
40:01 Guard Tower
43:12 Coinage
43:50 Stone Shaft Mining
43:47 Crop Rotation
43:18 Town Patrol
45:59 Svan Towers
46:15 Conscription
46:32 Keep
45:43 Arrowslits
argum
7:01 Loom
9:37 Feudal Age
10:13 Double-Bit Axe
13:14 Horse Collar
15:07 Fletching
20:52 Wheelbarrow
24:06 Castle Age
22:38 Gold Mining
24:18 Town Watch
24:08 Crossbowman
24:48 Bodkin Arrow
25:19 Bow Saw
27:18 Padded Archer Armor
33:20 Gold Shaft Mining
36:43 Imperial Age
36:20 Leather Archer Armor
36:26 Ballistics
36:24 Squires
36:37 Scale Mail Armor
37:06 Masonry
36:52 Stone Mining
37:21 Hand Cart
36:45 Heavy Mounted Crossbowman
38:15 Bracer
39:16 Chemistry
39:48 Two-Man Saw
39:14 Treadmill Crane
39:33 Cranequins
40:26 Heavy Plow
42:03 Ring Archer Armor
41:35 Arson
42:10 Thumb Ring
42:48 Conscription
43:28 Forging
44:19 Chain Mail Armor
46:36 Plate Mail Armor
Grrgrag
6:03 Loom
8:55 Feudal Age
11:50 Double-Bit Axe
18:02 Wheelbarrow
22:02 Castle Age
20:55 Fletching
21:05 Padded Archer Armor
21:17 Bloodlines
21:02 Gold Mining
23:11 Bow Saw
24:13 Horse Collar
26:21 Bodkin Arrow
27:49 Hand Cart
29:26 Leather Archer Armor
30:29 Husbandry
32:44 Ballistics
33:18 Stone Mining
34:06 Gold Shaft Mining
38:32 Imperial Age
39:15 Bracer
40:17 Chemistry
39:01 Heavy Cavalry Archer
41:11 Ring Archer Armor
40:44 Heavy Plow
41:53 Silk Armor
42:13 Conscription
43:17 Crop Rotation
43:15 Town Watch
Fred's real son
8:28 Feudal Age
8:26 Loom
9:01 Double-Bit Axe
9:46 Horse Collar
16:25 Scale Barding Armor
18:58 Bloodlines
21:36 Castle Age
19:30 Gold Mining
20:12 Forging
20:48 Bloodlines
22:36 Bow Saw
22:47 Chain Barding Armor
26:52 Husbandry
29:11 Gold Shaft Mining
30:23 Wheelbarrow
31:04 Heavy Plow
32:30 Hand Cart
33:31 Stone Mining
35:02 Coinage
36:46 Stone Shaft Mining
41:21 Imperial Age
41:55 Iron Casting
42:50 Plate Barding Armor
41:37 Elite Battle Elephant
42:05 Town Watch
43:41 Blast Furnace
Connection lost

Rejoining the realm…

Still unreachable

The connection could not be restored.

Session expired

The server has moved on; the page needs a fresh start.